 Dungeon Crawl Stone Soup version 0.21.1-1-g345015f (webtiles) character file.

343 letownia2 the Chiller (level 6, -7/29 HPs)
             Began as a Vine Stalker Ice Elementalist on Feb 24, 2018.
             Mangled by Blork the orc
             ... wielding a +1 scimitar of electrocution
              (12 damage)
             ... on level 4 of the Dungeon.
             The game lasted 00:08:23 (1199 turns).

letownia2 the Chiller (VSIE)                        Turns: 1199, Time: 00:08:24

Health: -7/29      AC:  4    Str: 11    XL:     6   Next: 57%
Magic:  0/10       EV: 12    Int: 17    God:
Gold:   75         SH:  0    Dex: 14    Spells: 4/10 levels left

rFire    + . .     SeeInvis .   v - staff of cold
rCold    + . .     Gourm    .   (no shield)
rNeg     . . .     Faith    .   g - +1 leather armour {rF+}
rPois    .         Spirit   +   (no helmet)
rElec    .         Reflect  .   (no cloak)
rCorr    .         Harm     .   (no gloves)
MR       .....                  (no boots)
Stlth    ++........             (no amulet)
HPRegen  0.49/turn              (no ring)
MPRegen  0.12/turn              (no ring)

@: no status effects
A: fangs 2, regeneration 1, magic shield, antimagic bite, no potion heal 3, rot
immunity
a: no special abilities


You were on level 4 of the Dungeon.
You were not hungry.

You visited 1 branch of the dungeon, and saw 5 of its levels.

You collected 75 gold pieces.

Inventory:

Hand Weapons
 a - a +1 short sword of speed
 b - a +0 dagger of freezing
 w - a +3 falchion
Missiles
 j - 13 bolts
 u - 7 tomahawks of returning (quivered)
Armour
 g - a +1 leather armour of fire resistance (worn)
 s - a +3 ring mail
Magical Staves
 v - an uncursed staff of cold (weapon)
Scrolls
 d - 2 scrolls of teleportation {unknown}
 h - 2 scrolls of remove curse {unknown}
 i - 5 scrolls of identify {unknown}
 k - a scroll of amnesia {unknown}
 m - a scroll of enchant weapon {unknown}
 q - a scroll of random uselessness {unknown}
Potions
 f - a potion of magic {unknown}
 l - a potion of ambrosia {unknown}
 n - a potion of degeneration {unknown}
 o - a potion of flight {unknown}
 r - a potion of brilliance {unknown}
 t - a potion of lignification {unknown}
Books
 e - a book of Frost

   Spells                             Type                      Level
   a - Freeze                         Ice                          1
   b - Throw Frost                    Conjuration/Ice              2
   c - Ozocubu's Armour               Charms/Ice                   3
   d - Throw Icicle                   Conjuration/Ice              4
   e - Summon Ice Beast               Ice/Summoning                4
Comestibles
 c - 3 rations
 p - 5 chunks of flesh


   Skills:
 + Level 0.9 Fighting
 + Level 0.8 Armour
 - Level 1.8 Dodging
 - Level 2.4 Stealth
 + Level 2.6 Spellcasting
 + Level 1.5 Conjurations
 - Level 3.1 Charms
 + Level 5.5 Ice Magic


You had 4 spell levels left.
You knew the following spells:

 Your Spells              Type           Power        Failure   Level  Hunger
a - Freeze                Ice            ####         2%          1    #......
f - Throw Frost           Conj/Ice       ###...       9%          2    ##.....
o - Ozocubu's Armour      Chrm/Ice       ####....     12%         3    ###....


Dungeon Overview and Level Annotations

Branches:
Dungeon (5/15)
 Temple: D:4-7

Altars:
Gozag

Shops:
D:3 *

Annotations:
D:4 Blork the orc


Innate Abilities, Weirdness & Mutations

You have extremely sharp teeth.
Your natural rate of healing is unusually fast.
When hurt, damage is shared between your health and your magic reserves.
Your bite disrupts and absorbs the magic of your enemies.
Potions cannot restore your health.
You are immune to rotting.


Message History

Aiming: Freeze
Press: ? - help, Shift-Dir - straight line, f - Blork the orc
Aim: Blork the orc, wielding a scimitar of electrocution and wearing a robe You feel a surge of power!
You freeze Blork the orc.
Blork the orc is moderately wounded.
Blork the orc hits you but does no damage.
You are electrocuted!
Ouch! That really hurt!
* * * LOW HITPOINT WARNING * * *
Casting: Freeze
Confirm with . or Enter, or press ? or * to list all spells.
Aiming: Freeze
Press: ? - help, Shift-Dir - straight line, f/p - Blork the orc
Aim: Blork the orc, wielding a scimitar of electrocution and wearing a robe (moderately wounded)
You feel a surge of power!
You freeze Blork the orc.
Blork the orc is moderately wounded.
Blork the orc hits you with a scimitar of electrocution.
* * * LOW HITPOINT WARNING * * *
You are electrocuted!
You die...

#........>.....##..####
#........)......#......
##.........##..##......
#..##.#.......##..###.
######.#.#.#...##..####
#....................#
#........#.#...##....#
#..?o.........##....#
#....@.#......##...##
#.....##..#....#####
#.....#####....#
#......# #.####
##......# ### .......<#
.##.....## #######


You could see Blork the orc.

Vanquished Creatures
  A centaur (D:5)
  2 orc wizards
  An orc priest (D:4)
  A worker ant (D:4)
  4 gnolls (D:3)
  A howler monkey skeleton (D:3)
  5 adders
  An adder skeleton (D:4)
  A leopard gecko (D:3)
  12 orcs
  2 giant cockroaches
  5 goblins
  3 hobgoblins
  5 jackals
  A quokka (D:3)
  A bat (D:1)
  A frilled lizard (D:4)
  5 kobolds
  A quokka skeleton (D:5)
  A rat (D:1)
54 creatures vanquished.

Notes
Turn   | Place    | Note
-------+----------+-------------------------------------------
     0 | D:1      | letownia2 the Vine Stalker Ice Elementalist began the quest for the Orb.
     0 | D:1      | Reached XP level 1. HP: 9/9 MP: 4/4
    69 | D:1      | Reached XP level 2. HP: 1/13 MP: 0/6
   408 | D:3      | Reached skill level 4 in Ice Magic
   446 | D:4      | Noticed Blork the orc
   492 | D:3      | Reached XP level 3. HP: 7/16 MP: 5/7
   500 | D:3      | Learned a level 3 spell: Ozocubu's Armour
   564 | D:3      | Reached skill level 1 in Charms
   575 | D:3      | Found Gozag's Platinum Reserve.
   578 | D:3      | Gained mutation: Your natural rate of healing is unusually fast. [Vine Stalker growth]
   578 | D:3      | Reached XP level 4. HP: 13/21 MP: 0/8
   593 | D:3      | Found an opulent altar of Gozag.
   696 | D:4      | Noticed an ogre
   727 | D:3      | Learned a level 2 spell: Throw Frost
   838 | D:3      | Reached XP level 5. HP: 20/24 MP: 4/9
   841 | D:3      | Reached skill level 5 in Ice Magic
   970 | D:5      | Entered Level 5 of the Dungeon
  1007 | D:5      | Noticed a centaur
  1023 | D:5      | Killed a centaur
  1023 | D:5      | Reached XP level 6. HP: 9/29 MP: 0/10
  1199 | D:4      | Mangled by Blork the orc

Skill      XL: |  1  2  3  4  5 |
---------------+----------------+-----
Ice Magic      | 4 5 |  5.5
Charms         | 1 2 3 |  3.1
Fighting       | |  0.9
Armour         | |  0.8
Dodging        | |  1.8
Stealth        | |  2.4
Spellcasting   | |  2.6
Conjurations   | |  1.5

Action                   |  1- 3 |  4- 6 || total
-------------------------+-------+-------++-------
Melee: Unarmed           |    16 |       ||    16
       Bite              |     5 |    13 ||    18
       Short sword       |    11 |    47 ||    58
       Staff             |       |     3 ||     3
 Cast: Freeze            |    39 |    54 ||    93
       Ozocubu's Armour  |     1 |     1 ||     2
  Use: Potion            |       |     1 ||     1
 Stab: Sleeping          |     1 |       ||     1
  Eat: Chunk             |       |     3 ||     3
Armor: Robe              |     5 |       ||     5
       Leather armour    |     9 |    28 ||    37
Dodge: Dodged            |    27 |    60 ||    87
